 Dungeon Crawl Stone Soup version 0.23.0 (webtiles) character file.

Game seed: 15800049965103449019

5261 DildoBatman the Tainter (level 10, -3/63 HPs)
             Began as an Octopode Wizard on Feb 19, 2019.
             Was a Believer of Kikubaaqudgha.
             Slain by a wight
             ... wielding a +5 falchion
              (8 damage)
             ... on level 9 of the Dungeon.
             The game lasted 00:49:49 (9515 turns).

DildoBatman the Tainter (Octopode Wizard)           Turns: 9515, Time: 00:49:49

Health: -3/63      AC: -3    Str:  7    XL:     10   Next: 62%
Magic:  17/17      EV: 15    Int: 27    God:    Kikubaaqudgha [**....]
Gold:   480        SH:  2    Dex: 13    Spells: 8/19 levels left

rFire    . . .     SeeInvis .   a - +3 trident of the Endless Expanse {drain, *Drain rElec rN+ Int+3}
rCold    . . .     Gourm    .   (no shield)
rNeg     + . .     Faith    .   K - +0 hat
rPois    .         Spirit   .   E - +2 amulet of reflection
rElec    +         Reflect  +   F - +3 ring of dexterity
rCorr    .         Harm     .   (no ring)
MR       .....                  (no ring)
Stlth    ++++......             (no ring)
HPRegen  0.20/turn              (no ring)
MPRegen  0.15/turn              (no ring)
                                (no ring)
                                (no ring)

@: corroded
A: almost no armour, stealthy swim, amphibious, 8 rings, constrict 8, camouflage
1, gelatinous body 1
a: Receive Corpses, Renounce Religion


You were on level 9 of the Dungeon.
You worshipped Kikubaaqudgha.
Kikubaaqudgha was pleased with you.
You were not hungry.

You visited 2 branches of the dungeon, and saw 10 of its levels.
You also visited: Sewer.

You collected 480 gold pieces.

Inventory:

Hand Weapons
 a - the +3 trident of the Endless Expanse (weapon) {drain, *Drain rElec rN+ Int+3}
   (You found it on level 8 of the Dungeon)

   A truly terrible weapon, it drains the life of those it strikes.
   It affects your intelligence (+3).
   It insulates you from electricity.
   It protects you from negative energy.
   It causes draining when unequipped.
 c - a +0 shortbow
 e - a +0 blowgun
Missiles
 h - 111 sling bullets
 i - 8 needles of paralysis
 l - 111 poisoned needles
 p - a throwing net (quivered)
 q - 211 arrows
 M - 24 bolts
 Q - 5 javelins
Armour
 K - a +0 hat (worn)
Jewellery
 E - a +2 amulet of reflection (around mantle)
 F - a +3 ring of dexterity (left tentacle)
Wands
 A - a wand of acid (9)
 O - a wand of enslavement (5)
 T - a wand of clouds (5)
Scrolls
 d - 3 scrolls of amnesia {unknown}
 g - 5 scrolls of teleportation {unknown}
 o - 3 scrolls of fog {unknown}
 x - 5 scrolls of remove curse
 y - 2 scrolls of magic mapping {unknown}
 z - 6 scrolls of identify
 D - 4 scrolls of random uselessness {unknown}
 G - 4 scrolls of enchant weapon {unknown}
 I - a scroll of immolation {unknown}
 N - 3 scrolls of enchant armour {unknown}
Potions
 f - 5 potions of curing
 j - a potion of berserk rage {unknown}
 k - 2 potions of resistance {unknown}
 m - 2 potions of magic {unknown}
 n - a potion of flight {unknown}
 r - 2 potions of invisibility {unknown}
 s - a potion of mutation {unknown}
 u - 5 potions of heal wounds
 B - 3 potions of might
 C - 3 potions of agility
 J - a potion of haste {unknown}
 L - 2 potions of degeneration {unknown}
 P - a potion of brilliance {unknown}
 S - a potion of lignification {unknown}
Comestibles
 v - 18 rations


   Skills:
 - Level 3.0 Fighting
   Level 1.0 Short Blades
 * Level 3.6 Polearms
 - Level 1.2 Bows
 - Level 4.0 Throwing
 - Level 4.0 Dodging
 - Level 6.0 Stealth
 - Level 5.0 Spellcasting
 - Level 5.0 Conjurations
 - Level 1.0 Summonings
   Level 1.0 Translocations
 - Level 4.1 Fire Magic
 - Level 4.0 Air Magic
 - Level 8.4 Poison Magic
 - Level 6.0 Evocations


You had 8 spell levels left.
You knew the following spells:

 Your Spells              Type           Power        Failure   Level  Hunger
a - Conjure Flame         Conj/Fire      ####....     3%          3    #......
b - Call Imp              Summ           ##......     7%          2    None
c - Magic Dart            Conj           ####         1%          1    None
e - Mephitic Cloud        Conj/Pois/Air  #####...     1%          3    #......
z - Sublimation of Blood  Necr           #.........   11%         2    None

Your spell library contained the following spells:

 Spells                   Type           Power        Failure   Level  Hunger
 Pain                     Necr           #...         7%          1    None
 Blink                    Tloc           N/A          7%          2    None
 Corpse Rot               Necr           N/A          11%         2    None
 Slow                     Hex            #.......     11%         2    None
 Vampiric Draining        Necr           #.........   22%         3    #......


Dungeon Overview and Level Annotations

Branches:
Dungeon (9/15)             Temple (1/1) D:5
   Lair: D:8-11         Orc: D:9-12

Altars:
Ashenzari
Cheibriados
Dithmenos
Elyvilon
Fedhas
Hepliaklqana
Kikubaaqudgha
Makhleb
Okawaru
Qazlal
Ru
Sif Muna
Trog
Uskayaw
Vehumet
Wu Jian
Xom
Yredelemnul
Zin
The Shining One

Annotations:
D:4 1 runed translucent door, Flugkiller's ghost, amateur DDFi
D:6 3 runed translucent doors, Masnef's ghost, novice TeEn; PeterQ's ghost, novice GnMo
D:7 2 transporters
D:9 Psyche


Innate Abilities, Weirdness & Mutations

You cannot wear most types of armour.
You are very stealthy in the water. (Stealth+)
You are amphibious.
You can wear up to eight rings at the same time.
You can use your tentacles to constrict eight enemies at once.
Your skin changes colour to match your surroundings (Stealth+).
Your rubbery body absorbs attacks. (AC +1, EV +1)


Message History

Casting: Mephitic Cloud (safe; 1% risk of failure)
Confirm with . or Enter, or press ? or * to list all spells.
Aiming: Magic Dart (safe; 1% risk of failure)
Press: ? - help, Shift-Dir - straight line, f - wight
Aim: a wight, wielding a +5 falchion, wearing a +0 robe, wearing an uncursed amulet of the acrobat and carrying a wand of iceblast (6) (hasn't noticed you)
The magic dart hits the wight.
The wight is lightly damaged.
A wight comes into view. It is wielding a +4 dagger.
The acid dragon roars!
The acid dragon spits acid at you. The splash of acid hits you!
The acid corrodes you!
You are splashed with acid!
The acid dragon spits acid at you. The splash of acid hits you!
You are splashed with acid!
You hear a shout!
The wight hits you with a +5 falchion!
You die...
Kikubaaqudgha rasps: "You have failed me!
Welcome... death!"

.P.. #.....#.........# #.....##
P.P.##.....####.....######.....##
.P.........#.....##.<.....>....##
..P........#.....########........
..PP............D..............##
P...##.....#...................##
...# #...z.......######..#.....##
..P###.....z...z.# #...#.......
P. #..........z.@#####..#######..
............####.......## ##.#
#.............#...####.# #..#
.#####........#..## #.# ##.##
##..........# #.# ##..##
##....#.)..# #.#####..##.
#......#.@# ##...........
#.....##.)####...##.......
#......#..@.##..###.......


You could see Psyche, an acid dragon and 4 wights.

Vanquished Creatures
  A two-headed ogre (D:9)
  Grinder (D:6)
  Sigmund (D:3)
  4 hogs (D:7)
  A human (D:7)
  2 hungry ghosts
  Menkaure (D:6)
  A porcupine (D:9)
  An orc warrior (D:8)
  Duvessa (D:6)
  2 ice beasts
  A phantom (D:6)
  A sky beast (D:5)
  3 black bears
  6 ogres
  3 centaurs
  3 bullfrogs (D:6)
  Dowan (D:6)
  A scorpion (D:9)
  A water moccasin skeleton (D:5)
  A howler monkey (D:4)
  3 wights (D:9)
  3 crimson imps
  A bullfrog zombie (D:6)
  2 hounds
  3 jellies
  5 orc wizards
  A bullfrog skeleton (D:7)
  An orc priest (D:6)
  Jessica (D:2)
  Ijyb (D:3)
  2 iguanas (D:8)
  4 worker ants
  A statue (D:8)
  A hound skeleton (D:4)
  A worker ant zombie (D:9)
  Robin (D:2)
  A howler monkey skeleton (D:7)
  8 adders
  11 gnolls
  3 shadow imps
  An adder zombie (D:8)
  A worm (D:2)
  2 dart slugs (D:2)
  5 leopard geckos
  20 orcs
  6 ball pythons
  6 giant cockroaches
  23 goblins
  8 hobgoblins
  12 jackals
  15 kobolds
  3 quokkas
  4 bats
  13 frilled lizards
  A jackal skeleton (D:2)
  8 rats
  7 plants
226 creatures vanquished.

Vanquished Creatures (others)
  3 fungi (D:9)
3 creatures vanquished.

Grand Total: 229 creatures vanquished

Notes
Turn   | Place    | Note
-------+----------+-------------------------------------------
     0 | D:1      | DildoBatman the Octopode Wizard began the quest for the
                  | Orb.
     0 | D:1      | Reached XP level 1. HP: 11/11 MP: 4/4
   159 | D:1      | Reached XP level 2. HP: 17/17 MP: 1/6
   712 | D:2      | Noticed Jessica
   852 | D:2      | Reached XP level 3. HP: 20/21 MP: 1/7
  1301 | D:2      | Found an iron altar of Okawaru.
  1330 | D:2      | Reached XP level 4. HP: 27/27 MP: 3/8
  1361 | D:2      | Found a hide-covered altar of Uskayaw.
  1446 | D:3      | Noticed Ijyb
  1478 | D:3      | Found a shadowy altar of Dithmenos.
  1505 | D:3      | Noticed Sigmund
  1582 | D:3      | Noticed Robin
  1671 | D:2      | Killed Robin
  1697 | D:3      | Learned a level 3 spell: Conjure Flame
  1701 | D:3      | Learned a level 3 spell: Mephitic Cloud
  1704 | D:3      | Learned a level 2 spell: Call Imp
  1752 | D:3      | Reached skill level 1 in Fighting
  1754 | D:3      | Found a glowing drain.
  1858 | Sewer    | Entered a sewer
  2024 | Sewer    | Reached XP level 5. HP: 24/34 MP: 7/9
  3085 | D:4      | Noticed an ogre
  3141 | D:3      | Killed an ogre
  3141 | D:3      | Reached skill level 1 in Fire Magic
  3141 | D:3      | Reached skill level 1 in Air Magic
  3141 | D:3      | Reached skill level 1 in Poison Magic
  3141 | D:3      | Reached XP level 6. HP: 31/39 MP: 4/10
  3144 | D:3      | Reached skill level 1 in Throwing
  3238 | D:4      | Found a runed translucent door.
  3238 | D:4      | Noticed Flugkiller's ghost (amateur DDFi)
  3280 | D:4      | Reached skill level 2 in Poison Magic
  3557 | D:4      | Reached XP level 7. HP: 36/45 MP: 7/11
  3920 | D:5      | Entered Level 5 of the Dungeon
  4355 | D:5      | Found a staircase to the Ecumenical Temple.
  4367 | Temple   | Entered the Ecumenical Temple
  4434 | Temple   | Became a worshipper of Kikubaaqudgha
  4550 | D:5      | Found a hazy altar of Hepliaklqana.
  4554 | D:5      | Found a bloodstained altar of Trog.
  4580 | D:5      | Reached skill level 3 in Poison Magic
  4649 | D:5      | Reached skill level 5 in Stealth
  5018 | D:3      | Killed Sigmund
  5018 | D:3      | Reached XP level 8. HP: 46/50 MP: 9/12
  5301 | D:3      | Killed Ijyb
  5367 | D:2      | Killed Jessica
  5367 | D:2      | Reached skill level 4 in Poison Magic
  5490 | D:6      | Noticed Menkaure
  5590 | D:6      | Found a runed translucent gate.
  5590 | D:6      | Found a runed translucent gate.
  5590 | D:6      | Found a runed translucent gate.
  5591 | D:6      | Noticed Masnef's ghost (novice TeEn)
  5592 | D:6      | Noticed PeterQ's ghost (novice GnMo)
  5755 | D:6      | Noticed Duvessa
  5893 | D:6      | Noticed Dowan
  5931 | D:6      | Reached skill level 1 in Short Blades
  6032 | D:6      | Killed Duvessa
  6035 | D:6      | Killed Dowan
  6301 | D:6      | Reached XP level 9. HP: 55/55 MP: 1/14
  6345 | D:6      | Reached * piety under Kikubaaqudgha
  6345 | D:6      | Identified Kikubaaqudgha's Collected Works on Unholy Rites
                  | (Kikubaaqudgha gifted it to you on level 6 of the Dungeon)
  6345 | D:6      | Received a gift from Kikubaaqudgha
  6420 | D:6      | Reached skill level 5 in Poison Magic
  6637 | D:6      | Reached skill level 1 in Evocations
  6813 | D:6      | Killed Menkaure
  6813 | D:6      | Reached skill level 1 in Bows
  6813 | D:6      | Noticed Grinder
  6847 | D:6      | Killed Grinder
  6847 | D:6      | Reached skill level 5 in Conjurations
  6892 | D:6      | Learned a level 2 spell: Sublimation of Blood
  7030 | D:7      | Found a transporter.
  7047 | D:7      | Found an ornate altar of the Wu Jian Council.
  7263 | D:7      | Found a burning altar of Makhleb.
  7264 | D:7      | Found a shimmering altar of Xom.
  7402 | D:7      | Found a blossoming altar of Fedhas.
  7403 | D:7      | Found a stormy altar of Qazlal.
  7550 | D:7      | Found a transporter.
  7713 | D:7      | Reached skill level 6 in Poison Magic
  7962 | D:8      | Reached skill level 5 in Spellcasting
  7962 | D:8      | Reached XP level 10. HP: 63/63 MP: 13/17
  8085 | D:8      | Reached skill level 7 in Poison Magic
  8418 | D:8      | Reached ** piety under Kikubaaqudgha
  8418 | D:8      | Reached skill level 5 in Evocations
  8582 | D:8      | Found a radiant altar of Vehumet.
  8660 | D:8      | Got an ichor-stained trident
  8661 | D:8      | Identified the +3 trident of the Endless Expanse {drain,
                  | *Drain rElec rN+ Int+3} (You found it on level 8 of the
                  | Dungeon)
  8863 | D:9      | Noticed Psyche
  9079 | D:9      | Reached skill level 1 in Polearms
  9083 | D:9      | Noticed a two-headed ogre
  9099 | D:9      | Killed a two-headed ogre
  9099 | D:9      | Reached skill level 8 in Poison Magic
  9456 | D:9      | Found a shattered altar of Ashenzari.
  9515 | D:9      | Slain by a wight

Skill      XL: |  1  2  3  4  5  6  7  8  9 10 |
---------------+-------------------------------+-----
Conjurations   | 2 3 4 5 |  5.0
Fighting       | 1 2 3 |  3.0
Stealth        | 3 4 5 6 |  6.0
Fire Magic     | 1 2 3 4 |  4.1
Air Magic      | 1 3 4 |  4.0
Poison Magic   | 1 2 3 4 6 8 |  8.4
Throwing       | 1 3 4 |  4.0
Short Blades   | 1 |  1.0
Dodging        | 4 |  4.0
Evocations     | 3 6 |  6.0
Bows           | 1 |  1.2
Spellcasting   | 5 |  5.0
Polearms       | 3 |  3.6
Summonings     | |  1.0
Translocations | |  1.0

Action                   |  1- 3 |  4- 6 |  7- 9 | 10-12 || total
-------------------------+-------+-------+-------+-------++-------
Melee: Dagger            |     4 |   207 |   133 |    57 ||   401
       Constrict         |     6 |    18 |    30 |    22 ||    76
       Tentacles         |     2 |    36 |    32 |    19 ||    89
       Short sword       |     8 |    21 |       |       ||    29
       Trident           |       |       |       |    94 ||    94
 Fire: Blowgun           |       |    39 |    38 |       ||    77
       Shortbow          |       |       |    48 |       ||    48
Throw: Stone             |       |     4 |     1 |       ||     5
 Cast: Magic Dart        |    74 |    87 |    67 |    45 ||   273
       Mephitic Cloud    |       |     5 |    31 |    15 ||    51
       Conjure Flame     |       |     5 |    27 |    15 ||    47
Evoke: Wand              |       |       |     6 |     3 ||     9
  Use: Scroll            |       |       |       |     4 ||     4
 Stab: Sleeping          |     1 |     3 |     5 |       ||     9
       Distracted        |       |     1 |       |       ||     1
       Confused          |       |       |    10 |     3 ||    13
  Eat: Chunk             |     1 |     8 |    18 |     6 ||    33
Armor: Skin              |     4 |     4 |     1 |     1 ||    10
Dodge: Dodged            |    17 |    60 |    57 |    57 ||   191
Block: Other             |       |       |     6 |     8 ||    14
       Reflection        |       |       |       |     3 ||     3
